[Event "5th Baskent University Open 2022"]
[Site "Ankara"]
[Date "2022.07.03"]
[Round "2.14"]
[White "Cevizci, Yusuf Baran"]
[Black "Sevgi, Volkan"]
[Result "0-1"]
[ECO "B15"]
[WhiteElo "2144"]
[BlackElo "2305"]
[Annotator "TA"]
[PlyCount "116"]
[EventDate "2022.07.02"]
[EventType "swiss"]
[EventCountry "TUR"]
[SourceTitle "playchess.com"]
[Source "ChessBase"]
[SourceQuality "1"]
[TimeControl "5400+30"]

1. e4 c6 2. d4 d5 3. Nc3 g6 4. h3 Bg7 5. Nf3 Nh6 6. Bf4 dxe4 7. Nxe4 Nf5 8. c3 {[%emt 0:00:30] B15: Caro-Kann: 3 Nc3: 3...g6 and 3...dxe4 4 Nxe4 Nf6 5 Nxf6+ exf6.} O-O 9. Bd3 b6 10. O-O {[%emt 0:00:30] White is better.} Nd6 11. Re1 {[%emt 0:01:30] [#]} a5 $146 ({Predecessor:} 11... Bb7 12. Qe2 Nxe4 13. Qxe4 e6 14. Be5 Nd7 15. Bxg7 Kxg7 16. Rad1 Qc7 17. Qe2 Rad8 18. Ne5 {½-½ (48) Miturova,M (2139)-Piankov,E (2338) Olomouc 2012}) 12. Bg5 {[%emt 0:10:30] Threatens to win with Nxd6.} Be6 13. Qe2 Ra7 14. Nxd6 Qxd6 15. Bh4 b5 16. Ng5 Bd5 17. Ne4 Bxe4 18. Qxe4 Bf6 19. Bg3 Qd7 20. Rad1 ({White should try} 20. Qf3 $16) 20... Na6 $14 21. Qe2 Nc7 22. Bxc7 ({White should play} 22. a4 $14) 22... Qxc7 23. d5 cxd5 24. Bxb5 Rd8 25. c4 d4 26. Qf3 Rb7 27. b3 Rb6 28. Rd3 Qc5 29. Qe2 e5 30. Qd2 Re6 {[%emt 0:01:30] ...e4 is the strong threat.} 31. Re4 Qc7 32. g4 (32. f4 $142) 32... Bg7 $1 $17 33. Rf3 {[%emt 0:00:30] Against f5} h6 (33... f5 $1 $19 34. gxf5 Rf6) 34. Qd3 Qe7 35. c5 Qxc5 36. Bc4 Re7 37. h4 Qc6 38. h5 Rd6 39. hxg6 Rxg6 40. Rf5 Qd7 {[%emt 0:00:30] Strongly threatening ...Qxf5.} 41. Qf3 Kf8 42. a4 Rd6 43. Qd3 Rf6 44. Rxf6 Bxf6 45. Bb5 ({Much worse is} 45. Qd2 Bg5 46. Qd3 (46. Qxa5 $2 d3 $19) 46... Bf4 $17) 45... Qc8 46. Qd2 (46. Ba6 $15 Qc1+ 47. Kg2) 46... Bg5 47. Qxa5 Bf4 48. Kf1 Kg7 $1 49. f3 (49. Qb4 $17 {nothing else works.} Qe6 50. Rxf4 exf4 51. Qxd4+ f6 52. Qxf4) 49... Rc7 $2 (49... Qc2 $19 50. Qb4 Bg5) 50. Bc4 {[%emt 0:00:30][%cal Oe4f4] [#]} Rxc4 ({Better is} 50... Rc5 $1 $17 51. Qe1 Qd8) 51. bxc4 $15 Qxc4+ $17 {[%emt 0:00:00][%mdl 4096] Endgame KQR-KQB} 52. Kg2 $2 {[%emt 0:00:00][%mdl 8192] [#]} (52. Kg1 $15) 52... Qc2+ $1 {[%emt 0:00:20] Black mates.} 53. Kf1 d3 54. Rxf4 Qe2+ ({Weaker is} 54... exf4 55. Qe5+ f6 56. Qe7+ Kg8 57. Qd8+ Kh7 58. Qe7+ Kg8 59. Qd8+ Kh7 60. Qe7+ Kg8 $11) 55. Kg1 Qe3+ 56. Kf1 exf4 57. Qc3+ Kh7 58. Qf6 Qxf3+ {[%emt 0:00:30] Weighted Error Value: White=0.38/Black=0.22 (precise)} 0-1

[Event "5th Baskent University Open 2022"]
[Site "Ankara"]
[Date "2022.07.03"]
[Round "2.15"]
[White "Tarhan, Adar"]
[Black "Maruflu, Enes Yusuf"]
[Result "1-0"]
[ECO "B42"]
[WhiteElo "2201"]
[BlackElo "2046"]
[Annotator "RC"]
[PlyCount "93"]
[EventDate "2022.07.02"]
[EventType "swiss"]
[EventCountry "TUR"]
[SourceTitle "playchess.com"]
[Source "ChessBase"]
[SourceQuality "1"]
[TimeControl "5400+30"]

1. e4 c5 2. Nf3 e6 3. d4 cxd4 4. Nxd4 a6 5. Bd3 Qc7 6. O-O Nf6 7. Qe2 d6 8. c4 Nbd7 9. b3 b6 10. Bb2 Bb7 11. Nd2 Be7 12. Rae1 O-O 13. f4 Rad8 14. Rf3 g6 15. Rg3 Kh8 16. e5 dxe5 17. fxe5 Nh5 18. Rg4 Nb8 19. N2f3 Nc6 20. Rd1 Rd7 21. Kh1 Rfd8 22. Rf1 Nxd4 23. Nxd4 Bc5 24. Qe3 b5 25. cxb5 Qb6 26. bxa6 Ba8 27. Qh6 Bf8 28. Qc1 Kg8 29. Be2 Rxd4 30. Rxd4 Rxd4 31. Bxd4 Qxd4 32. Bxh5 gxh5 33. Qg5+ Bg7 34. Qxh5 Qd7 35. Qe2 Bd5 36. Rc1 Bh6 37. Rb1 Qe7 38. b4 Qh4 39. Qe1 Qd4 40. b5 Qa4 41. Qg3+ Kh8 42. Qf2 Kg8 43. Rf1 Qxb5 44. Qxf7+ Kh8 45. Qf6+ Kg8 46. Qd8+ Kg7 47. Qf8+ 1-0

[Event "5th Baskent University Open 2022"]
[Site "Ankara"]
[Date "2022.07.03"]
[Round "2.16"]
[White "Kocak, Can"]
[Black "Ipek, Egehan"]
[Result "0-1"]
[ECO "B43"]
[WhiteElo "2057"]
[BlackElo "2196"]
[Annotator "RC"]
[PlyCount "132"]
[EventDate "2022.07.02"]
[EventType "swiss"]
[EventCountry "TUR"]
[SourceTitle "playchess.com"]
[Source "ChessBase"]
[SourceQuality "1"]
[TimeControl "5400+30"]

1. e4 c5 2. Ne2 e6 3. d4 cxd4 4. Nxd4 a6 5. Nc3 b5 6. Bd3 Qb6 7. Nb3 Qc7 8. O-O Bb7 9. a4 b4 10. Na2 Nf6 11. Qe2 d5 12. e5 Nfd7 13. f4 Nc6 14. Be3 Nb6 15. a5 Nd7 16. c3 bxc3 17. Nxc3 Rb8 18. Rfc1 Ba8 19. Nd4 Nxd4 20. Bxd4 Bc5 21. Bxc5 Qxc5+ 22. Kh1 Qb4 23. Bxa6 O-O 24. Rc2 Qxf4 25. Ra4 Qxe5 26. Qxe5 Nxe5 27. Ne2 Nc6 28. Rc5 Rxb2 29. Bb5 Rb8 30. Bxc6 Rxe2 31. h3 Rc8 32. Bxa8 Rxc5 33. a6 Rc8 34. Bb7 Rd8 35. a7 g5 36. a8=Q Rxa8 37. Rxa8+ Kg7 38. Kg1 Kf6 39. Rh8 Rb2 40. Ba6 Ra2 41. Bb5 Kg7 42. Rd8 f5 43. Rd7+ Kf6 44. Rxh7 Rb2 45. Ba6 Ke5 46. g3 Ke4 47. h4 Kf3 48. hxg5 Rg2+ 49. Kf1 Ra2 50. Ke1 Rxa6 51. g6 e5 52. Re7 e4 53. Re5 d4 54. g7 Ke3 55. Kd1 d3 56. Rc5 Rg6 57. Rxf5 Rxg3 58. Rf1 Rxg7 59. Rh1 Rg3 60. Ke1 Kd4 61. Rh8 e3 62. Rd8+ Kc4 63. Rc8+ Kb5 64. Rb8+ Kc6 65. Kf1 e2+ 66. Kf2 Rf3+ 0-1

[Event "5th Baskent University Open 2022"]
[Site "Ankara"]
[Date "2022.07.03"]
[Round "2.17"]
[White "Eke, Salih"]
[Black "Yerden, Huseyin Eren"]
[Result "1/2-1/2"]
[ECO "E15"]
[WhiteElo "2195"]
[BlackElo "2050"]
[Annotator "RC"]
[PlyCount "226"]
[EventDate "2022.07.02"]
[EventType "swiss"]
[EventCountry "TUR"]
[SourceTitle "playchess.com"]
[Source "ChessBase"]
[SourceQuality "1"]
[TimeControl "5400+30"]

1. d4 Nf6 2. c4 e6 3. Nf3 b6 4. g3 Ba6 5. b3 Bb4+ 6. Bd2 Be7 7. Bg2 Bb7 8. O-O O-O 9. Bc3 d5 10. Nbd2 dxc4 11. Nxc4 Nbd7 12. Qc2 Rc8 13. Rfd1 Be4 14. Qb2 b5 15. Ncd2 Ba8 16. Ba5 Nb8 17. Ne5 Bxg2 18. Kxg2 Qd5+ 19. Kg1 Rfd8 20. e3 b4 21. Ndc4 Ne4 22. a3 bxa3 23. Qe2 f6 24. Nf3 Nc6 25. Be1 Rb8 26. Nxa3 Rxb3 27. Nc4 Bb4 28. Qc2 Bxe1 29. Qxb3 Bxf2+ 30. Kg2 Ng5 31. Ncd2 Qxb3 32. Nxb3 Bxe3 33. Nxg5 Bxg5 34. Ra4 Rb8 35. Rc4 Ne7 36. Rd3 Nd5 37. Ra4 Rb7 38. h4 Bxh4 39. Nc5 Rb6 40. gxh4 Nf4+ 41. Kf3 Nxd3 42. Nxd3 a6 43. Nc5 Rd6 44. Ke4 e5 45. dxe5 fxe5 46. Kxe5 Kf7 47. Nxa6 Re6+ 48. Kf5 g6+ 49. Kg4 Rc6 50. Rf4+ Kg7 51. Nb4 Rc3 52. Re4 c6 53. Rd4 h5+ 54. Kf4 c5 55. Rd7+ Kh6 56. Nd3 Rc4+ 57. Kg3 Rg4+ 58. Kh3 g5 59. Rd6+ Kg7 60. hxg5 Rxg5 61. Rc6 Rd5 62. Nxc5 Kf7 63. Kh4 Ke7 64. Rc8 Rd8 65. Rc6 Rd5 66. Nb3 Rb5 67. Nd2 Kf7 68. Nf3 Ke7 69. Ng5 Kd7 70. Ra6 Rd5 71. Kxh5 Rd6 72. Ra1 Rd5 73. Kg6 Rd6+ 74. Kf5 Rd5+ 75. Kf4 Rd2 76. Ne4 Rh2 77. Ra6 Kc7 78. Ke5 Rh5+ 79. Kd4 Rh1 80. Ra3 Rd1+ 81. Kc5 Rc1+ 82. Nc3 Kd7 83. Kd5 Kc7 84. Nb5+ Kb6 85. Nd4 Rh1 86. Rb3+ Kc7 87. Ne6+ Kc8 88. Kc6 Rc1+ 89. Nc5 Rh1 90. Re3 Rh6+ 91. Ne6 Rh1 92. Rg3 Rc1+ 93. Nc5 Kd8 94. Re3 Rc2 95. Re1 Rc3 96. Kd6 Rc2 97. Ne6+ Kc8 98. Rb1 Rd2+ 99. Kc6 Rc2+ 100. Nc5 Rh2 101. Re1 Rh6+ 102. Ne6 Rh2 103. Rg1 Rc2+ 104. Nc5 Kd8 105. Rg7 Ke8 106. Kd6 Rd2+ 107. Ke5 Re2+ 108. Ne4 Re1 109. Kd5 Kf8 110. Rc7 Rd1+ 111. Ke6 Re1 112. Rf7+ Ke8 113. Rf4 Kd8 1/2-1/2

[Event "5th Baskent University Open 2022"]
[Site "Ankara"]
[Date "2022.07.03"]
[Round "2.18"]
[White "Bekiragaoglu, Umut"]
[Black "Primbetov, Marat"]
[Result "1-0"]
[ECO "B60"]
[WhiteElo "2067"]
[BlackElo "2186"]
[Annotator "RC"]
[PlyCount "93"]
[EventDate "2022.07.02"]
[EventType "swiss"]
[EventCountry "TUR"]
[SourceTitle "playchess.com"]
[Source "ChessBase"]
[SourceQuality "1"]
[TimeControl "5400+30"]

1. e4 c5 2. Ne2 Nc6 3. d4 cxd4 4. Nxd4 Nf6 5. Nc3 d6 6. Bg5 Qa5 7. Bxf6 gxf6 8. Nb3 Qg5 9. Nd5 Rb8 10. f4 Qh6 11. Qd2 Bd7 12. Nc7+ Kd8 13. Nb5 a6 14. N5d4 e5 15. Ne2 Bg4 16. f5 Qxd2+ 17. Nxd2 d5 18. Ng3 Rg8 19. Bd3 Bh6 20. exd5 Bxd2+ 21. Kxd2 Nb4 22. Be4 a5 23. h3 Bf3 24. gxf3 Rxg3 25. Rag1 Rxg1 26. Rxg1 Ke7 27. Rg7 h6 28. a3 Na6 29. Rh7 Rd8 30. Rxh6 b5 31. b3 b4 32. axb4 axb4 33. Kd3 Nc5+ 34. Kc4 Nxe4 35. fxe4 Rc8+ 36. Kxb4 Rxc2 37. Kb5 Re2 38. Rh4 Kd6 39. b4 Rf2 40. Kb6 Rf4 41. Rg4 Rf3 42. Rg7 Re3 43. Rxf7 Rxe4 44. Rxf6+ Kxd5 45. b5 Rh4 46. Rf8 e4 47. f6 1-0

[Event "5th Baskent University Open 2022"]
[Site "Ankara"]
[Date "2022.07.03"]
[Round "2.19"]
[White "Khoder, Akram"]
[Black "Primbetov, Kazbek"]
[Result "1-0"]
[ECO "A42"]
[WhiteElo "2038"]
[BlackElo "2147"]
[Annotator "RC"]
[PlyCount "85"]
[EventDate "2022.07.02"]
[EventType "swiss"]
[EventCountry "TUR"]
[SourceTitle "playchess.com"]
[Source "ChessBase"]
[SourceQuality "1"]
[TimeControl "5400+30"]

1. d4 g6 2. c4 Bg7 3. g3 d6 4. Nf3 Nd7 5. Bg2 e5 6. Nc3 Ne7 7. O-O O-O 8. e4 exd4 9. Nxd4 Nc6 10. Nde2 a6 11. Qd2 Nde5 12. b3 Bh3 13. f4 Bxg2 14. Kxg2 Nd7 15. f5 Nc5 16. Bb2 Ne5 17. Nf4 b5 18. Nfd5 f6 19. cxb5 axb5 20. Nb4 Kh8 21. Rad1 Qb8 22. Rfe1 Qb7 23. Qd5 Qb6 24. Qd4 Rfe8 25. Ncd5 Qb7 26. Rc1 gxf5 27. exf5 Qc8 28. Rf1 Qb7 29. Kh3 c6 30. Nf4 Qd7 31. Nh5 Rad8 32. Rcd1 Qf7 33. Qh4 Ne4 34. Bc1 Nc3 35. Rd2 c5 36. Nd3 Nxd3 37. Rxd3 Nxa2 38. Bb2 Re2 39. Ba1 Nb4 40. Nxg7 Nxd3 41. Bxf6 Nf2+ 42. Rxf2 Rxf2 43. Ne6+ 1-0

[Event "5th Baskent University Open 2022"]
[Site "Ankara"]
[Date "2022.07.03"]
[Round "2.21"]
[White "Turkmen, Ataberk"]
[Black "Erdal, Kerem"]
[Result "1-0"]
[ECO "B21"]
[WhiteElo "1935"]
[BlackElo "1511"]
[Annotator "NA RC"]
[PlyCount "103"]
[EventDate "2022.07.02"]
[EventType "swiss"]
[EventCountry "TUR"]
[SourceTitle "playchess.com"]
[Source "ChessBase"]
[SourceQuality "1"]
[TimeControl "5400+30"]

1. e4 d5 2. e5 c5 3. f4 Bf5 4. Nf3 Nc6 5. d3 e6 6. Be2 Nh6 7. O-O Bg4 8. c3 Be7 9. Na3 Nf5 10. Nc2 O-O 11. Nd2 Bxe2 12. Qxe2 f6 13. g4 Nh6 14. exf6 Rxf6 15. g5 Rg6 16. Nf3 Nf5 17. Ne3 Qd7 18. Ng4 Bd6 19. Bd2 Re8 20. Rae1 Qc7 21. Ne3 Nxe3 22. Qxe3 d4 23. Qe4 Ne7 24. Nh4 b6 25. Nxg6 Nxg6 26. Re2 Re7 27. f5 exf5 28. Qd5+ Kh8 29. Qa8+ Qb8 30. Qxb8+ Bxb8 31. Rxe7 Nxe7 32. Re1 Ng8 33. Re8 Bd6 34. Ra8 a5 35. Rd8 Be5 36. Rd5 dxc3 37. Bxc3 Bxc3 38. bxc3 g6 39. Rd7 h6 40. h4 b5 41. Ra7 a4 42. a3 hxg5 43. hxg5 b4 44. cxb4 cxb4 45. axb4 a3 46. b5 a2 47. b6 Ne7 48. b7 Nc6 49. Rxa2 Kg7 50. Ra8 Kf7 51. b8=Q Nxb8 52. Rxb8 1-0

[Event "5th Baskent University Open 2022"]
[Site "Ankara"]
[Date "2022.07.03"]
[Round "2.22"]
[White "Ozturk, Mustafa"]
[Black "Buke, Furkan"]
[Result "0-1"]
[ECO "B72"]
[WhiteElo "1530"]
[BlackElo "1979"]
[Annotator "NA RC"]
[PlyCount "78"]
[EventDate "2022.07.02"]
[EventType "swiss"]
[EventCountry "TUR"]
[SourceTitle "playchess.com"]
[Source "ChessBase"]
[SourceQuality "1"]
[TimeControl "5400+30"]

1. e4 c5 2. Nf3 d6 3. d4 cxd4 4. Nxd4 Nf6 5. Nc3 Nc6 6. Be2 g6 7. Be3 Bg7 8. Qd2 O-O 9. O-O-O Nxd4 10. Bxd4 Be6 11. Kb1 Qc7 12. h4 Rfc8 13. h5 Qa5 14. a3 Rab8 15. hxg6 fxg6 16. Bd3 b5 17. Qg5 Bf7 18. f4 $17 (18. Nd5 $14 {was the only good move.} Qd8 19. Qh4 (19. Bxa7 Nxd5 20. Bxb8 b4 $11)) 18... e5 19. fxe5 b4 20. axb4 Qxb4 21. Bb5 Rxb5 22. Nxb5 Qxb5 23. Qf4 Qc4 24. c3 Qa2+ 25. Kc1 Qa1+ 26. Kd2 Qxb2+ 27. Ke3 dxe5 28. Bxe5 Qb6+ 29. Kf3 Ne8 30. Bxg7 Nxg7 31. Rd3 Bc4 32. Rd6 Qb2 33. Qe3 Rf8+ 34. Kg3 Qb5 35. Kh2 Qe5+ 36. Qg3 Rf4 37. Rd8+ Kf7 38. Rd7+ Ke8 39. Rxg7 Rh4+ 0-1

[Event "5th Baskent University Open 2022"]
[Site "Ankara"]
[Date "2022.07.03"]
[Round "2.23"]
[White "Yurtoglu, Osman Talha"]
[Black "Mammadov, Ilgar"]
[Result "0-1"]
[ECO "C45"]
[WhiteElo "1923"]
[BlackElo "1619"]
[Annotator "NA RC"]
[PlyCount "47"]
[EventDate "2022.07.02"]
[EventType "swiss"]
[EventCountry "TUR"]
[SourceTitle "playchess.com"]
[Source "ChessBase"]
[SourceQuality "1"]
[TimeControl "5400+30"]

1. e4 e5 2. Nf3 Nc6 3. d4 exd4 4. Nxd4 Nf6 5. Nxc6 bxc6 6. e5 Qe7 7. Qe2 Nd5 8. c4 Ba6 9. b3 f6 10. f4 fxe5 11. fxe5 Qh4+ 12. Qf2 Qxf2+ 13. Kxf2 Bc5+ 14. Kg3 Bd4 15. cxd5 Bxf1 16. Rxf1 Bxa1 17. dxc6 Bxe5+ 18. Kg4 O-O-O 19. cxd7+ Rxd7 20. Be3 Bd4 21. Bf4 h5+ 22. Kg3 Rf8 23. h4 Rdf7 24. Rh1 0-1

[Event "5th Baskent University Open 2022"]
[Site "Ankara"]
[Date "2022.07.03"]
[Round "2.24"]
[White "Dilen, Bedirhan"]
[Black "Ibik, Halit Yavuz"]
[Result "0-1"]
[ECO "D00"]
[WhiteElo "1621"]
[BlackElo "1967"]
[Annotator "NA RC"]
[PlyCount "70"]
[EventDate "2022.07.02"]
[EventType "swiss"]
[EventCountry "TUR"]
[SourceTitle "playchess.com"]
[Source "ChessBase"]
[SourceQuality "1"]
[TimeControl "5400+30"]

1. d4 d5 2. Bf4 e6 3. e3 Bd6 4. Bg3 Qe7 5. Nd2 Nd7 6. Ngf3 e5 7. dxe5 Nxe5 8. c3 Nf6 9. Nxe5 Bxe5 10. Bxe5 Qxe5 11. Nf3 Qe7 12. Bd3 O-O 13. h3 Rd8 14. Qc2 c5 15. O-O b6 16. Rfe1 Bb7 17. a4 a5 18. Rad1 Rd6 19. Qe2 Rad8 20. Bc2 g6 21. Rd2 Ne4 22. Bxe4 dxe4 23. Rxd6 Qxd6 24. Nh2 Qd2 25. Qxd2 Rxd2 26. Rb1 Ba6 27. Nf1 $19 Rc2 28. b4 Rxc3 29. bxa5 bxa5 30. Nd2 Bd3 31. Rb8+ Kg7 32. Nb3 c4 33. Nxa5 Rc1+ 34. Kh2 c3 35. Rc8 c2 0-1

[Event "5th Baskent University Open 2022"]
[Site "Ankara"]
[Date "2022.07.03"]
[Round "3.1"]
[White "Unat, Can Haktan"]
[Black "Rasulov, Vugar"]
[Result "0-1"]
[ECO "C56"]
[WhiteElo "2242"]
[BlackElo "2458"]
[Annotator "TA"]
[PlyCount "74"]
[EventDate "2022.07.02"]
[EventType "swiss"]
[EventCountry "TUR"]
[SourceTitle "playchess.com"]
[Source "ChessBase"]
[SourceQuality "1"]
[TimeControl "5400+30"]

1. e4 e5 2. Nf3 Nc6 3. Bc4 Nf6 4. d4 exd4 5. e5 d5 6. Bb5 Nd7 7. O-O Be7 8. Bxc6 bxc6 9. Nxd4 {[%emt 0:00:00] C56: Two Knights: 4 d4 exd4 5 0-0 Nxe4.} Nb8 10. Nc3 O-O 11. Qf3 {[%emt 0:02:30] The position is equal.} Qd7 12. Re1 a5 13. h3 Ra6 {[%emt 0:01:30] [#]} 14. Nde2 $146 ({Predecessor:} 14. g4 Re8 15. Nf5 Bf8 16. Bf4 d4 17. Ne4 c5 18. Rad1 Rg6 19. Bg3 Nc6 20. Qe2 Nxe5 {0-1 (35) Pap,M (2480)-Moiseenko,V (2512) Las Palmas 2019}) 14... f6 15. e6 Qxe6 16. Bf4 Bd8 (16... Qf7 $11) 17. Qg3 {[%emt 0:08:30][%mdl 1024] White has compensation.} Qf7 18. Na4 Ra8 (18... Nd7 $5 ) 19. Nd4 $36 {[%emt 0:03:30][%mdl 2048] White has good play. Pair of Knights!} Kh8 (19... Na6 $14) 20. h4 (20. b3 $16) 20... h6 21. Nc5 Rg8 22. Re3 (22. Qe3 $16) 22... Na6 23. Nce6 Bxe6 (23... c5 24. Nxd8 Rxd8 25. Rae1 (25. Nc6 Re8 $11)) 24. Nxe6 (24. Rxe6 $2 c5 25. Rxa6 (25. Qd3 $2 Nb4 $19) 25... Rxa6 $19) 24... f5 (24... Be7 $11) 25. Rae1 Bf6 26. Qh3 (26. Bxc7 Nxc7 27. Nxc7 (27. Qxc7 Qxc7 28. Nxc7 Rac8 $15) 27... Rab8 $15) ({White should try} 26. c3 $16) 26... d4 {[%emt 0:04:00] [#]} ({Better is} 26... Bxb2 $14 27. c3 Ba3) 27. R3e2 $1 $16 Qh5 28. Bd2 (28. Bxc7 $6 Nxc7 29. Nxc7 Rab8 $14) (28. Be5 $18) 28... Nb4 $14 29. f3 (29. Qb3 $14) 29... Nd5 $15 (29... Bxh4 $2 30. Bxb4 (30. Nxd4 g6 $11) 30... axb4 31. Nf4 (31. g3 Rxa2 32. gxh4 Rxb2 $18) 31... Bf2+ 32. Kxf2 Qxh3 33. gxh3 $18) 30. c4 (30. Nc5 $11) 30... dxc3 $17 31. bxc3 Nxc3 (31... Bxc3 $6 32. Bxc3 Nxc3 33. Re5 $11) 32. Re5 {[%emt 0:04:50][%mdl 8192] White does not recover from this.} Bxe5 $19 ({Worse is} 32... Nxa2 33. Rxf5 (33. Nf4 Qf7 $15) 33... Qf7 34. Qg4 $11 (34. Rxa5 Nc3 $15) (34. Bxa5 Rge8 $17)) 33. Rxe5 Nd5 ({Not} 33... Nxa2 $2 34. Bxa5 Nc1 35. Nf4 $19) 34. g4 $2 (34. Nf4 Nxf4 35. Bxf4) 34... fxg4 {[%emt 0:01:16] Black is clearly winning.} 35. Qg3 Qg6 {[%emt 0:00:04] [#] White must now prevent ...Qd3.} 36. fxg4 Rge8 37. h5 Qf7 {[%emt 0:00:18] Weighted Error Value: White=0.51/Black=0.23 (precise)} 0-1

[Event "5th Baskent University Open 2022"]
[Site "Ankara"]
[Date "2022.07.03"]
[Round "3.2"]
[White "Caputcuoglu, Zeki Berke"]
[Black "Ozer, Omer Faruk"]
[Result "1-0"]
[ECO "E11"]
[WhiteElo "2203"]
[BlackElo "2317"]
[Annotator "TA"]
[PlyCount "65"]
[EventDate "2022.07.02"]
[EventType "swiss"]
[EventCountry "TUR"]
[SourceTitle "playchess.com"]
[Source "ChessBase"]
[SourceQuality "1"]
[TimeControl "5400+30"]

1. Nf3 Nf6 2. c4 e6 3. d4 Bb4+ 4. Nbd2 a5 5. a3 Bxd2+ 6. Nxd2 {[%emt 0:03:30] E11: Bogo-Indian.} ({Reject} 6. Kxd2 b6 $11) 6... d6 {[%emt 0:01:30] [#]} 7. g3 $146 ({Predecessor:} 7. e4 e5 8. d5 a4 9. Bd3 O-O 10. O-O Nbd7 11. Qe2 Nc5 12. Bc2 h6 13. Nb1 {½-½ (40) Fernandez Rios,J (1794)-Vinas Lopez,C (1876) Madrid 2020}) 7... e5 8. d5 {[%emt 0:02:30] The position is equal.} a4 9. Bg2 Nbd7 10. O-O Nc5 11. b4 axb3 $1 12. Nxb3 Nxb3 13. Qxb3 Nd7 14. a4 O-O 15. Ba3 b6 16. Bb4 Rb8 17. Qc3 f5 18. a5 {[%emt 0:02:30] White is more active.} bxa5 19. Bxa5 f4 20. Rfb1 Rxb1+ 21. Rxb1 Nc5 22. Rb8 Qd7 {[%emt 0:00:40] Against Bh3} 23. Qa3 Qf7 24. Be1 g6 25. f3 e4 (25... Nd7 $11 {remains equal.} 26. Rb1 g5) 26. fxe4 $16 Qf6 {[%emt 0:00:53] This costs Black the game.} (26... fxg3 $16 27. hxg3 Nd7) 27. Qc3 ({Not} 27. Bc3 Qe7 $16) 27... Qxc3 28. Bxc3 {[%emt 0:00:30] gxf4 is the strong threat.} fxg3 29. hxg3 Nd7 (29... Bd7 {was necessary.} 30. Rxf8+ Kxf8) 30. Ra8 $18 {[%emt 0:00:59] [#] Threatens to win with Ra7.} Nb6 31. Ra7 Rf7 32. e5 {[%emt 0:00:35][%cal Be4e5,Be5e6][%mdl 32] Hoping for e6.} Nxc4 $2 (32... c5 33. Ra5 Nxc4) 33. e6 {[%emt 0:00:13] Weighted Error Value: White=0.09 (flawless) /Black=0.27 (precise)} 1-0

[Event "5th Baskent University Open 2022"]
[Site "Ankara"]
[Date "2022.07.03"]
[Round "3.4"]
[White "Atabayev, Saparmyrat"]
[Black "Citak, Selim"]
[Result "1-0"]
[ECO "C42"]
[WhiteElo "2447"]
[BlackElo "2176"]
[Annotator "TA"]
[PlyCount "57"]
[EventDate "2022.07.02"]
[EventType "swiss"]
[EventCountry "TUR"]
[SourceTitle "playchess.com"]
[Source "ChessBase"]
[SourceQuality "1"]
[TimeControl "5400+30"]

1. e4 e5 2. Nf3 Nf6 3. Nxe5 d6 4. Nf3 Nxe4 5. Nc3 Nxc3 6. dxc3 Be7 7. Bf4 Nc6 8. Qd2 Be6 9. O-O-O Qd7 {[%emt 0:03:30] C42: Petroff Defence: 3 Nxe5 and unusual White 3rd moves.} (9... Bxa2 $2 10. b3 $16) 10. Bd3 h6 {[%emt 0:04:30] [#]} 11. Bb5 $146 ({Predecessor:} 11. h4 O-O-O 12. Nd4 Nxd4 13. cxd4 Qa4 14. a3 Qxd4 15. Be3 Qd5 16. c4 Qc6 17. Qc2 {0-1 (34) Lagunow,R (2378)-Valdes Romero,L (2402) Chess.com INT 2021}) 11... a6 {[%emt 0:02:30] The position is equal.} (11... Bxa2 $2 12. Ne5 $1 Qf5 13. Nxc6 Qxb5 14. Nxe7 $18) 12. Ba4 Bf6 (12... Bxa2 $2 13. Ne5 $1 Qf5 14. Nxc6 Qxf4 15. Nb4+ b5 16. Qxf4 $18) (12... b5 $5 13. Bb3 O-O $11) 13. Nd4 Bxd4 14. cxd4 {[%emt 0:00:30][%cal Bc3d4,Bd4d5,Bd5c6][%mdl 32] Strongly threatening d5.} b5 15. d5 {[%emt 0:02:30] aiming for Bb3.} bxa4 16. Qc3 {[%emt 0:00:30] [#]} O-O $1 17. dxc6 Qe7 18. Rhe1 Qh4 19. g3 (19. Rd4 $11) 19... Qh5 (19... Qxh2 $15 20. Be3 Bxa2) 20. Rd4 $11 Qxh2 21. Be3 {[%emt 0:02:30] Rh4 is the strong threat.} Qg2 $2 {[%emt 0:09:30] [#] A mistake that costs the game.} (21... Qh5 $11 {and Black is okay.}) 22. Bxh6 $1 $18 gxh6 {[%emt 0:09:30] [#]} 23. Rxe6 {[%emt 0:00:30] Threatening mate with Rg4+.} f6 $2 (23... fxe6 $2 {is a self mate.} 24. Rg4+ Kf7 25. Qg7+ Ke8 26. Qd7#) (23... Qh1+ $18 24. Re1 Qh5) 24. Rg4+ Kh7 25. Re7+ Kh8 26. Qd2 (26. Qd4 $142 Qh1+ 27. Kd2 Qh5 28. Rgg7 (28. Qd3 Rf7 $18) 28... Qf5 29. g4 Qa5+ 30. Kd1 Rf7 31. Rgxf7) 26... Qh1+ {[%emt 0:01:30] White is clearly winning.} 27. Re1 Qh5 28. Rh4 Qg5 29. f4 {[%emt 0:00:30] Weighted Error Value: White=0.09 (flawless) /Black=0.66} 1-0